Map: Terraform LE (Void)

Players

Womec - Winner!

  • Race: Terran Terran
  • League: Platinum

ZJUNOOB

  • Race: Protoss Protoss
  • League: Platinum

VOD

Have the link to the VOD?

Description

Mass bio in TvP

Time

  • Played on: Oct. 29, 2015, 4:19 a.m.
  • Length: 18:42
Show
View Real Time Build Order
Export as new Build Order

Womec Terran - Winner!

Build Orders: Command Center First (CC), MMM Bio 

Get SALT Encoding   

  12  0:00  SCV  
  13  0:13  SCV  
  14  0:17  Supply Depot  
  14  0:25  SCV  
  15  0:39  SCV  
  16  0:52  SCV  
  17  1:01  Command Center  
  17  1:04  SCV  
  18  1:15  Barracks  
  18  1:19  SCV  
  19  1:31  Barracks  
  19  1:35  SCV  
  20  1:44  Refinery  
  20  1:48  Refinery  
  20  1:49  SCV  
  21  2:02  Marine  
  21  2:05  Supply Depot  
  22  2:13  Orbital Command  
  22  2:23  Orbital Command  
  22  2:27  Marine  
  23  2:31  Marine  
  24  2:39  SCV  
  25  2:46  Barracks  
  25  2:48  Marine  
  25  2:50  Barracks Tech Lab  
  26  2:57  SCV  
  27  3:04  Supply Depot  
  27  3:07  Marine  
  27  3:11  Marauder  
  30  3:15  Stimpack  
  30  3:18  SCV  
  31  3:20  Orbital Command  
  31  3:25  Marine  
  31  3:42  Barracks Reactor  
  31  3:44  Barracks Tech Lab, Marauder  
  31  3:46  SCV x2  
  35  3:54  Command Center  
  35  3:58  SCV x2  
  35  4:02  Combat Shields  
  37  4:03  Marauder  
  37  4:05  Marauder  
  41  4:10  SCV  
  41  4:15  Factory  
  41  4:16  SCV  
  43  4:17  Marine  
  43  4:19  Marine  
  43  4:22  SCV  
  46  4:28  Supply Depot  
  46  4:31  SCV  
  47  4:32  Supply Depot  
  47  4:36  Marauder  
  47  4:37  Marine  
  50  4:39  Marine  
  50  4:40  Marine  
  50  4:42  SCV  
  50  4:44  SCV  
  54  4:50  Refinery  
  54  4:54  SCV  
  54  4:56  SCV, Engineering Bay  
  56  5:02  Factory Reactor  
  56  5:03  Starport  
  56  5:04  Marine  
  58  5:09  Orbital Command  
  58  5:12  SCV  
  50  5:27  Marine x3  
  51  5:29  Terran Infantry Weapons Level 1  
  51  5:31  SCV x2  
  51  5:34  Refinery  
  53  5:39  Barracks  
  53  5:40  Barracks  
  53  5:48  Marauder x2, Marine x2  
  59  5:50  Medivac x2  
  59  5:51  SCV  
  59  5:53  Factory Reactor  
  59  5:54  SCV, Orbital Command  
  65  6:03  SCV  
  66  6:06  SCV  
  66  6:07  Marine x2  
  66  6:08  Bunker  
  69  6:16  SCV  
  69  6:18  Missile Turret  
  70  6:19  Missile Turret  
  70  6:20  SCV x2  
  72  6:26  Missile Turret, Marauder  
  72  6:27  Bunker  
  72  6:28  SCV, Barracks Tech Lab, Barracks Reactor  
  72  6:30  Widow Mine  
  72  6:32  SCV  
  77  6:43  SCV x2  
  77  6:44  SCV  
  80  6:47  Medivac x2  
  80  6:48  Marine  
  80  6:53  Supply Depot  
  85  6:54  Supply Depot  
  85  7:14  SCV x3, Marine x5  
  93  7:18  Marine  
  93  7:19  Marine  
  93  7:21  Engineering Bay  
  93  7:22  Armory  
  95  7:26  SCV  
  95  7:27  SCV x2  
  95  7:28  Supply Depot x2  
  95  7:29  Supply Depot  
  98  7:32  Marine  
  98  7:33  Marauder  
  101  7:38  Supply Depot  
  101  7:49  SCV x2, Medivac x2, Widow Mine, Marine x2  
  101  7:50  SCV, Marauder x2, Marine  
  117  7:52  Marine  
  117  7:54  Marauder  
  120  7:58  Terran Infantry Armor Level 1  
  120  8:02  Supply Depot  
  120  8:06  Supply Depot  
  120  8:07  SCV x3, Marine  
  120  8:12  Marine x2, Marauder x2  
  130  8:15  Marauder  
  132  8:24  Marine  
  132  8:25  Marine, Widow Mine x2  
  132  8:26  Medivac  
  140  8:28  Medivac  
  140  8:33  Marauder x2  
  144  8:37  Marauder  
  121  8:42  Marine x3  
  121  8:46  Marine  
  122  8:53  Terran Infantry Weapons Level 2  
  122  8:54  Marauder x2  
  126  8:57  Marine  
  126  9:00  Medivac x2, Marine x3  
  134  9:05  Command Center  
  134  9:06  Missile Turret  
  134  9:16  Marauder x2  
  136  9:24  Marine x2  
  136  9:25  Marauder  
  136  9:27  Marine  
  139  9:33  Marine  
  139  9:34  Medivac x2  
  139  9:37  Marauder x2  
  148  9:40  Barracks  
  148  9:41  Barracks  
  148  9:42  Barracks, Marine  
  148  9:43  Barracks  
  148  9:44  Barracks x2  
  149  9:59  Marine  
  149  10:02  Marauder  
  149  10:03  Marauder  
  149  10:06  Marine  
  149  10:15  Marine  
  149  10:16  Medivac, Marine  
  149  10:17  Marine, Marauder  
  155  10:23  Marauder  
  155  10:27  Marauder, Marine  
  158  10:33  Marine  
  158  10:34  Marine  
  153  10:38  Marauder  
  153  10:39  Planetary Fortress  
  155  10:46  Barracks Tech Lab x2  
  155  10:47  Barracks Tech Lab x2  
  155  10:48  Barracks Tech Lab  
  155  10:50  Barracks Tech Lab  
  155  11:04  Marine x2  
  155  11:05  Marauder x3  
  155  11:10  Marine  
  164  11:25  Marine x3  
  164  11:27  Marauder x2  
  164  11:28  Marauder x2  
  164  11:29  Marine x2, Marauder  
  164  11:30  Marine  
  164  11:31  Marauder  
  163  11:37  Marauder  
  164  11:51  Supply Depot  
  164  11:52  Supply Depot  
  164  11:53  Supply Depot  
  164  11:55  Supply Depot x2  
  164  11:57  Supply Depot x2  
  164  11:59  Terran Infantry Weapons Level 3, Terran Infantry Armor Level 2  
  164  12:02  Terran Ship Weapons Level 1  
  164  12:13  Marauder x2, Widow Mine x2, Marine x6  
  164  12:14  Marine x2, Marauder  
  164  12:15  Marauder x2  
  186  12:18  Command Center  
  186  12:20  Command Center  
  173  12:30  Marine x3  
  173  12:31  Marine x2, Marauder  
  173  12:32  Marine x2  
  173  12:34  Marauder  
  173  12:35  Marauder x2  
  173  12:36  Medivac x2, Marine x2  
  186  12:48  Marine x2  
  186  12:49  Ghost Academy, Marauder  
  190  12:52  Marauder, Marine x4  
  190  12:53  Marine  
  190  12:54  Marauder  
  190  12:55  Marine  
  197  13:06  Marine x2  
  197  13:09  Marine  
  197  13:10  Marine  
  200  13:31  Missile Turret  
  200  13:33  Missile Turret  
  200  13:42  Barracks  
  200  13:44  Barracks  
  200  13:45  Barracks x4  
  200  13:47  Missile Turret  
  200  14:23  Marine  
  200  14:24  Marine  
  191  15:04  Marine x6  
  191  15:05  Marine, Marauder x4  
  191  15:06  Marine  
  149  15:21  Marine x2  
  149  15:24  Marine x5  
  149  15:25  Marine x7  
  149  15:26  Marauder  
  149  15:27  Terran Infantry Armor Level 3  
  162  15:29  Terran Ship Weapons Level 2  
  162  15:32  Marine x4  
  166  15:39  Marine x2  
  166  15:41  Planetary Fortress  
  166  15:42  Planetary Fortress, Marine x9  
  159  15:43  Marauder x2, Marine  
  159  15:46  Marine  
  159  15:47  Missile Turret  
  171  15:50  Marauder x2, Marine  
  171  15:53  Marine  
  171  15:57  Marine x2  
  177  16:00  Marine x5  
  177  16:01  Marauder x2  
  188  16:04  Marine x4  
  188  16:05  Marauder, Marine  
  197  16:18  Marauder  
  197  16:19  Marine, Marauder  
  200  16:38  Barracks x3  
  200  16:39  Barracks  
  200  16:42  Barracks  
  200  16:45  Barracks  
  200  16:47  Barracks  
  197  17:04  Sensor Tower  
  197  17:06  Sensor Tower  
  197  17:11  Barracks Tech Lab x2  
  197  17:12  Barracks Tech Lab x2  
  192  17:39  Marine x6  
  192  17:40  Marine x2  
  194  18:11  Marine x3  
  194  18:12  Marauder, Marine x2  
Show
View Real Time Build Order
Export as new Build Order

ZJUNOOB Protoss 

Build Orders: 1 Gate Expand, Colossus Rush 

Get SALT Encoding   

  12  0:03  Probe (Chrono Boost)  
  13  0:13  Probe (Chrono Boost)  
  14  0:24  Probe (Chrono Boost), Pylon  
  15  0:42  Probe (Chrono Boost)  
  16  0:44  Gateway  
  16  0:47  Assimilator  
  16  0:53  Probe (Chrono Boost)  
  17  1:03  Probe (Chrono Boost)  
  18  1:14  Probe (Chrono Boost)  
  19  1:27  Nexus  
  19  1:31  Probe (Chrono Boost)  
  20  1:40  Cybernetics Core  
  20  1:43  Probe (Chrono Boost)  
  21  1:50  Zealot (Chrono Boost)  
  23  1:58  Pylon  
  23  2:04  Assimilator  
  23  2:17  Probe (Chrono Boost)  
  23  2:18  Warp Gate (Chrono Boost)  
  23  2:22  Stalker  
  26  2:27  Probe (Chrono Boost)  
  27  2:38  Probe (Chrono Boost), Robotics Facility  
  28  2:45  Probe (Chrono Boost)  
  28  2:48  Probe (Chrono Boost)  
  30  2:55  Probe (Chrono Boost)  
  31  2:59  Mothership Core (Chrono Boost)  
  33  3:07  Probe (Chrono Boost)  
  33  3:12  Gateway  
  34  3:17  Probe x2 (Chrono Boost)  
  36  3:28  Probe x2 (Chrono Boost)  
  38  3:41  Probe x2 (Chrono Boost)  
  38  3:44  Pylon  
  38  3:46  Gateway, Observer  
  39  3:49  Pylon  
  39  3:52  Probe (Chrono Boost), Assimilator  
  40  3:58  Pylon  
  40  4:01  Probe  
  41  4:03  Forge  
  41  4:04  Probe  
  42  4:12  Observer  
  43  4:17  Assimilator  
  43  4:19  Sentry  
  43  4:20  Adept  
  43  4:21  Probe  
  43  4:23  Probe  
  48  4:28  Pylon  
  49  4:34  Probe x2  
  49  4:37  Pylon  
  51  4:45  Immortal, Robotics Bay  
  55  4:48  Sentry  
  57  4:56  Stalker, Adept  
  60  5:02  Probe  
  60  5:05  Probe  
  60  5:25  Sentry, Zealot  
  60  5:26  Zealot  
  64  5:29  Probe  
  64  5:32  Probe, Protoss Ground Armor Level 1  
  66  5:44  Colossus  
  66  5:47  Stalker  
  66  5:48  Zealot  
  66  5:49  Zealot  
  78  6:05  Probe  
  78  6:06  Probe  
  80  6:12  Extended Thermal Lance  
  80  6:15  Probe  
  80  6:18  Pylon  
  81  6:21  Gateway  
  81  6:23  Probe  
  81  6:25  Twilight Council, Pylon  
  82  6:26  Probe, Nexus  
  82  6:30  Stalker  
  82  6:31  Pylon  
  84  6:40  Colossus  
  90  6:55  Stalker  
  92  7:14  Photon Cannon  
  92  7:20  Stalker, Zealot  
  92  7:21  Zealot  
  98  7:24  Charge  
  98  7:25  Probe  
  98  7:26  Gateway  
  98  7:27  Probe  
  98  7:29  Pylon  
  100  7:36  Probe, Protoss Ground Weapons Level 1 (Chrono Boost)  
  100  7:39  Probe  
  100  7:40  Forge  
  100  7:43  Colossus  
  102  7:47  Probe  
  102  7:48  Probe  
  111  7:51  Probe  
  111  7:57  Probe  
  111  7:58  Probe  
  111  8:03  Pylon  
  113  8:09  Stalker, Sentry  
  113  8:10  Stalker, Zealot  
  121  8:19  Probe  
  108  8:45  Colossus  
  114  8:56  Probe x2  
  114  8:57  Templar Archives, Probe  
  114  9:00  Assimilator  
  117  9:03  Assimilator  
  117  9:06  Stalker x4  
  117  9:07  Stalker  
  117  9:08  Probe  
  128  9:10  Protoss Ground Armor Level 2 (Chrono Boost)  
  124  9:26  Probe x2  
  124  9:27  Probe  
  127  9:34  Pylon  
  127  9:35  Pylon  
  127  9:36  High Templar x2  
  131  9:44  High Templar  
  131  9:45  Gateway, Pylon  
  133  9:50  Probe  
  134  9:52  Probe  
  134  9:53  Probe, Gateway  
  136  10:02  Probe  
  136  10:03  Probe x2  
  136  10:10  Zealot x4  
  140  10:15  Templar Archives  
  134  10:28  Stalker  
  134  10:35  Nexus  
  131  10:40  Pylon  
  131  10:45  Zealot  
  131  10:46  Zealot x3  
  131  10:48  Photon Cannon  
  137  10:52  Photon Cannon  
  137  10:56  Psionic Storm  
  137  11:03  High Templar  
  137  11:04  High Templar  
  141  11:09  Mothership Core  
  143  11:25  Photon Cannon  
  105  11:52  High Templar  
  105  11:53  Zealot x4  
  105  11:54  Zealot x2  
  119  12:14  Zealot x4  
  119  12:15  Zealot  
  123  12:41  Probe  
  123  12:43  Pylon  
  124  12:44  Zealot x3  
  124  12:45  Zealot  
  124  12:50  Pylon  
  132  13:10  Nexus  
  132  13:13  Pylon  
  132  13:19  Gateway  
  132  13:21  Pylon  
  132  13:23  High Templar x3  
  132  13:25  Pylon  
  138  13:28  Gateway  
  138  13:35  High Templar x3  
  138  13:41  Photon Cannon  
  144  13:43  Photon Cannon  
  144  13:46  Photon Cannon  
  144  13:56  Pylon  
  144  13:59  Photon Cannon  
  134  14:27  Nexus  
  105  15:22  Pylon  
  102  15:38  Pylon  
  100  15:52  Gateway  
  100  15:56  Pylon  
  98  16:04  Pylon x3  
  98  16:11  Pylon  
  98  16:14  Pylon  
  98  16:15  Zealot  
  98  16:16  Zealot  
  102  16:19  Pylon  
  102  16:26  Gateway  
  102  16:27  Zealot x3  
  107  16:42  Nexus  
  107  16:44  Zealot x2  
  107  17:03  Zealot x3  
Tags
 
Add a new tag
Caveats
  • Supply blocks, unpowered buildings, or Contaminate may cause inaccurate times.
  • Supply counts are checked every 10 seconds.